 Dungeon Crawl Stone Soup version 0.30-a0-728-gc68057be0a (webtiles) character file.

Game seed: 5411217523893281115

873 lesbiats the Ruffian (level 7, 0/71 HPs)
             Began as a Troll Fighter on Jan 30, 2023.
             Slain by Edmund
             ... wielding a +2 heavy dire flail
              (22 damage)
             ... on level 3 of the Dungeon.
             The game lasted 00:13:14 (3362 turns).

lesbiats the Ruffian (Troll Fighter)                Turns: 3362, Time: 00:13:15

Health: 0/71       AC:  7    Str: 25    XL:     7   Next: 74%
Magic:  6/6        EV:  8    Int:  6    God:
Gold:   111        SH:  8    Dex:  9    Spells: 6/6 levels left

rFire   . . .      SeeInvis .      - Unarmed
rCold   . . .      Faith    .    b - +0 kite shield
rNeg    + + .      Spirit   .    f - +2 robe {Archmagi}
rPois   .          Reflect  .    (helmet restricted)
rElec   .          Harm     .    e - +0 cloak
rCorr   .          Rampage  .    (gloves unavailable)
Will    .....      Archmagi +    (boots unavailable)
Stlth   +                        (no amulet)
HPRegen 1.11/turn                h - ring of positive energy
MPRegen 0.10/turn                p - ring of positive energy

@: no status effects
A: large, unfitting armour, claws 3, regeneration 1, shaggy fur 1, tough skin 1
a: no special abilities


You were on level 3 of the Dungeon.
You visited 1 branch of the dungeon, and saw 4 of its levels.

You collected 222 gold pieces.
You spent 111 gold pieces at shops.

Inventory:

Hand Weapons
 q - the +6 spear of the Scavenger {spect, Str+3 Dex+3}
   (You found it on level 3 of the Dungeon)

   Str:       It affects your strength (+3).
   Dex:       It affects your dexterity (+3).
Missiles
 v - 4 poisoned darts (quivered)
 x - a boomerang
Armour
 b - a +0 kite shield (worn)
 e - a +0 cloak (worn)
 f - a +2 robe of the Archmagi (worn)
 o - a +1 animal skin
Jewellery
 h - a ring of positive energy (left claw)
 p - a ring of positive energy (right claw)
Wands
 u - a wand of roots (6)
 w - a wand of polymorph (4)
Scrolls
 a - a scroll of fog {unknown}
 d - 2 scrolls of fear {unknown}
 g - 2 scrolls of poison
 k - 2 scrolls of vulnerability
 m - 4 scrolls of teleportation
 r - a scroll of amnesia {unknown}
 s - a scroll of enchant weapon {unknown}
Potions
 c - 2 potions of might
 i - 2 potions of heal wounds
 j - 2 potions of curing
 l - 2 potions of cancellation {unknown}
 n - a potion of degeneration {unknown}
 t - 3 potions of magic {unknown}


   Skills:
 + Level 4.3 Fighting
 - Level 2.4 Dodging
 + Level 4.8 Shields
 * Level 6.5 Unarmed Combat


You had 6 spell levels left.
You didn't know any spells.
Your spell library contained the following spells:

 Spells                   Type           Power      Damage    Failure   Level
 Magic Dart               Conj           0%         1d3       73%         1
 Sting                    Tmut/Pois      0%         1d3       73%         1
 Ensorcelled Hibernation  Hex/Ice        0%         N/A       86%         2
 Poisonous Vapours        Pois/Air       0%         N/A       86%         2
 Searing Ray              Conj           0%         2d4       86%         2
 Sublimation of Blood     Necr           0%         N/A       86%         2
 Ozocubu's Armour         Ice            0%         N/A       97%         3
 Spider Form              Tmut/Pois      0%         N/A       97%         3
 Anguish                  Hex/Necr       0%         N/A       100%        4
 Fulminant Prism          Conj/Hex       0%         3d5       100%        4
 Olgreb's Toxic Radiance  Pois           0%         N/A       100%        4
 Petrify                  Tmut/Erth      0%         N/A       100%        4
 Irradiate                Conj/Tmut      0%         3d11      100%        5
 Metabolic Englaciation   Hex/Ice        0%         N/A       100%        5
 Simulacrum               Ice/Necr       0%         N/A       100%        6


Dungeon Overview and Level Annotations

Branches:
Dungeon (4/15)
 Temple: D:4-7

Altars:
Dithmenos
Elyvilon
Fedhas
Qazlal

Shops:
D:1 *[(*(

Annotations:
D:3 Edmund


Innate Abilities, Weirdness & Mutations

You are too large for most types of armour.
You have claws for hands.
Your natural rate of healing is unusually fast.
You are covered in fur. (AC +1)
You have tough skin. (AC +1)


Message History

You claw the orc wizard!
The orc wizard is almost dead.
The orc wizard hits you with a +0 dagger.
You scratch the orc wizard.
You kill the orc wizard!
You climb downwards.
There is a stone staircase leading up, spattered with blood here.
You start resting.
HP restored.
You climb upwards.
Level annotation: Edmund
There is a stone staircase leading down, spattered with blood here.
You barely miss Edmund. You block Edmund's attack.
You scratch Edmund.
Edmund is lightly wounded.
Edmund grinds his teeth, and then sighs.
Edmund hits you with a +2 heavy dire flail!!
You scratch Edmund.
Edmund is lightly wounded.
You scratch Edmund.
Edmund is lightly wounded.
Edmund hits you with a +2 heavy dire flail!
You scratch Edmund.
Edmund is moderately wounded.
You block Edmund's attack.
You scratch Edmund.
Edmund is moderately wounded.
You claw Edmund!
Edmund is severely wounded.
Edmund hits you with a +2 heavy dire flail!
You closely miss Edmund.
Edmund is severely wounded.
Edmund hits you with a +2 heavy dire flail!
* * * LOW HITPOINT WARNING * * *
You barely miss Edmund.
Edmund is severely wounded.
You claw Edmund!
Edmund is almost dead.
Edmund hits you with a +2 heavy dire flail!!
You die...

≈_#.....## #############
#.#......#######.....#.....######
'.#...).................[...#....
#.#......#..............>.....###
≈_###........................###.
### ##.##....................# #.
######.##...............[....# #>
#.##...<.....................# #.
..##............@............###.
#.##............@................
#.##...#...................####..
#.##...#..........#####..........
#.##...#.....>......# #..........
.......#...<........###..........
.......##......[.#...............
.......###.........#.##.........)
.......###)...#..................


You could see Edmund.

Vanquished Creatures
  Grinder (D:4)
  Sigmund (D:4)
  A phantom (D:4)
  A necrophage (D:4)
  A vampire bat (D:4)
  A jelly (D:4)
  An orc priest (D:4)
  Crazy Yiuf (D:2)
  An iguana (D:4)
  An orc wizard (D:3)
  Robin (D:2)
  2 adders
  A worm (D:3)
  2 dart slugs (D:3)
  3 fire bats (D:4)
  7 orcs
  2 spectral bats (D:4)
  5 ball pythons
  14 bats
  3 bat skeletons (D:4)
  A bat zombie (D:4)
  8 endoplasms
  A giant cockroach (D:1)
  9 hobgoblins
  2 quokkas
  A bat simulacrum (D:4)
  3 frilled lizards
  15 goblins
  5 kobolds
  6 rats
101 creatures vanquished.

Vanquished Creatures (others)
  5 fungi (D:4)
  3 plants (D:4)
8 creatures vanquished.

Grand Total: 109 creatures vanquished

Notes
Turn   | Place    | Note
-------+----------+-------------------------------------------
     0 | D:1      | lesbiats the Troll Fighter began the quest for the Orb.
     0 | D:1      | Reached XP level 1. HP: 22/22 MP: 0/0
    51 | D:1      | Found Omnukuah's General Store.
   119 | D:1      | Reached XP level 2. HP: 28/29 MP: 1/1
   145 | D:1      | Found Ellaopn's Antique Armour Boutique.
   166 | D:1      | Found Ulu Xitean's Assorted Antiques.
   352 | D:1      | Found Anotu's Weapon Boutique.
   786 | D:1      | Found Qerheid's Weapon Boutique.
  1085 | D:2      | Noticed Robin
  1091 | D:2      | Reached XP level 3. HP: 31/36 MP: 2/2
  1361 | D:2      | Reached skill level 3 in Unarmed Combat
  1368 | D:2      | Killed Robin
  1500 | D:2      | You fall into a shaft and drop 2 floors!
  1511 | D:4      | Reached XP level 4. HP: 44/44 MP: 3/3
  1517 | D:4      | Found a blossoming altar of Fedhas.
  1634 | D:3      | Identified the +6 spear of the Scavenger {spect, Str+3
                  | Dex+3}
  1843 | D:2      | Found a runed translucent door.
  1844 | D:2      | Noticed Crazy Yiuf
  1849 | D:2      | Killed Crazy Yiuf
  2159 | D:1      | Bought a scroll of identify for 26 gold pieces
  2204 | D:1      | Bought a runed robe for 85 gold pieces
  2466 | D:3      | Found a stormy altar of Qazlal.
  2466 | D:3      | Found a shadowy altar of Dithmenos.
  2607 | D:4      | Reached skill level 4 in Unarmed Combat
  2608 | D:4      | Reached XP level 5. HP: 53/53 MP: 4/4
  2636 | D:4      | Noticed Edmund
  2912 | D:4      | Noticed a phantom
  2944 | D:4      | Noticed Grinder
  2948 | D:4      | Killed a phantom
  2949 | D:4      | Reached XP level 6. HP: 54/61 MP: 5/5
  2978 | D:4      | Killed Grinder
  2979 | D:4      | Reached skill level 5 in Unarmed Combat
  3008 | D:4      | Noticed Sigmund
  3031 | D:4      | Killed Sigmund
  3032 | D:4      | Reached skill level 6 in Unarmed Combat
  3032 | D:4      | Reached XP level 7. HP: 70/70 MP: 6/6
  3204 | D:4      | Found a white marble altar of Elyvilon.
  3362 | D:3      | Slain by Edmund

Illustrated notes

Levels and vault maps discovered:
D:1:      shiori_arrival_oz, layout_basic, serial_shops, nicolae_lakefront_shop,
          nicolae_shop_statue_plus, nicolae_shop_advertising_works
          [nicolae_subvault_shop_adworks], nicolae_diamond_shop,
          nicolae_shop_window_shopping, serial_curves, eino_curves_03,
          eino_curves_04, eino_curves_04, eino_curves_01
D:2:      layout_basic, uniq_robin, uniq_crazy_yiuf_cottage
D:3:      layout_rooms, gammafunk_temple_overflow_elements
D:4:      layout_rooms, fedhas_altar_3, marbit_many_paths, goddamned_bats,
          uniq_sigmund, uniq_edmund, uniq_grinder

Skill      XL: |  1  2  3  4  5  6 |
---------------+-------------------+-----
Shields        | 3 4 |  4.8
Unarmed Combat | 3 4 6 |  6.5
Fighting       | 3 4 |  4.3
Dodging        | |  2.4

Action                     |  1- 3 |  4- 6 |  7- 9 || total
---------------------------+-------+-------+-------++-------
  Melee: Unarmed           |   103 |   132 |    59 ||   294
    Use: Scroll            |       |     5 |       ||     5
         Potion            |       |     1 |       ||     1
 Armour: Robe              |    28 |    26 |    60 ||   114
         Animal skin       |     3 |    20 |       ||    23
         Skin              |       |     1 |       ||     1
  Dodge: Dodged            |    28 |    26 |    41 ||    95
  Block: Kite shield       |    37 |    49 |    49 ||   135

Table legend: (Time is in decaauts)
 A = Elapsed time spent in this place.
 B = Non-inter-level travel time spent in this place.
 C = Inter-level travel time spent in this place.
 D = Time resting spent in this place.
 E = Time spent auto-exploring this place.
 F = Levels seen in this place.
 G = Mean time per level.
                   A        B        C        D        E       F      G
               +--------+--------+--------+--------+--------+-----+--------+
         Total |   3382 |   3010 |    372 |     89 |   1792 |   4 |  845.5 |
       Dungeon |   3382 |   3010 |    372 |     89 |   1792 |   4 |  845.5 |
               +--------+--------+--------+--------+--------+-----+--------+

Top non-repeatable levels by time:
     D:1: 1139 daAuts
     D:2: 870 daAuts
     D:4: 847 daAuts
     D:3: 524 daAuts
